[Event "Late-Titled-Tuesday-Blitz-August-29-2023"]
[Site "Chess.com"]
[Date "2023.08.29"]
[Round "4"]
[White "CrushingKings"]
[Black "KNVB"]
[Result "1-0"]
[WhiteElo "2572"]
[BlackElo "2810"]
[TimeControl "180+1"]
[EndTime "14:38:39 PDT"]
[Termination "CrushingKings won on time"]

1. Nf3 d5 2. g3 c6 3. Bg2 Nf6 4. O-O Bf5 5. d3 h6 6. c4 dxc4 7. Ne5 Nbd7 8. Nxc4 e6 9. Nc3 Be7 10. e4 Bh7 11. Qb3 Nc5 12. Qd1 Qxd3 13. Qxd3 Nxd3 14. Be3 Ng4 15. Rad1 Nxe3 16. fxe3 Nc5 17. b4 Nd7 18.
Rxf7 Kxf7 19. Rxd7 Rhd8 20. Rxb7 Rdb8 21. Ne5+ Ke8 22.
Rxe7+ Kxe7 23. Nxc6+ Kd7 24. Nxb8+ Rxb8 25. a3 Rc8 26.
Na4 Rc1+ 27. Kf2 Ra1 28. Nc5+ Kd6 29. a4 Ra2+ 30. Kf3 e5 31. Bf1 Rb2 32. Na6 Rb1 33.
Bc4 Bg6 34. Bd5 Be8 35. b5 Ra1 36. Bb3 Ra3 37. Bc2 Bd7 38. Nb4 Rc3 39. Bd1 Be6 40. Nc6 a6 41. Na7 a5 42. b6 Rc1 43. Be2 Rb1 44.
Bb5 Bf7 45. Nc6 1-0

[Event "Late-Titled-Tuesday-Blitz-August-29-2023"]
[Site "Chess.com"]
[Date "2023.08.29"]
[Round "4"]
[White "Ali_rastbod"]
[Black "NelsonLinda"]
[Result "1-0"]
[WhiteElo "2680"]
[BlackElo "2465"]
[TimeControl "180+1"]
[EndTime "14:38:43 PDT"]
[Termination "Ali_rastbod won by checkmate"]

1. e4 c5 2. Nc3 e6 3. Nge2 d5 4. exd5 exd5 5. d4 Nc6 6. dxc5 Nf6 7. Bg5 Bxc5 8. Qd2 d4 9. Bxf6 Qxf6 10. Ne4 Qe5 11. Nxc5 Qxc5 12. O-O-O Bf5 13. Ng3 Bg6 14. Re1+ Kf8 15. Bd3 Nb4 16. Bxg6 hxg6 17. a3 Na2+ 18. Kb1 Nc3+ 19. bxc3 dxc3 20. Qc1 Rh4 21. Re4 Rxe4 22.
Nxe4 Qc6 23. f3 f5 24. Ng5 Rc8 25. Qf4 a5 26. Ka1 Re8 27. Qd4 b5 28. Rd1 b4 29. axb4 Qa4+ 30. Kb1 axb4 31. Qd6+ Kg8 32.
Qd5+ Kh8 33. Qa2 Qc6 34. Qd5 Qa4 35. Qa2 Qc6 36. Nf7+ Kh7 37. h4 Re2 38. Ng5+ Kh6 39. Qg8 Re1 40. Qh7# 1-0

[Event "Late-Titled-Tuesday-Blitz-August-29-2023"]
[Site "Chess.com"]
[Date "2023.08.29"]
[Round "4"]
[White "ftorodent"]
[Black "SHIVACalypso"]
[Result "1/2-1/2"]
[WhiteElo "2679"]
[BlackElo "2513"]
[TimeControl "180+1"]
[EndTime "14:38:46 PDT"]
[Termination "Game drawn by repetition"]

1. d4 Nf6 2. c4 c5 3. d5 b5 4. cxb5 a6 5. bxa6 g6 6. Nc3 Bg7 7. e4 d6 8. Bb5+ Nbd7 9. Qe2 O-O 10. Nf3 Qb6 11. O-O Bxa6 12. a4 Rfb8 13. Bf4 Nh5 14. Bg5 Bxb5 15. Nxb5 Nhf6 16. Ra3 h6 17. Bxf6 Bxf6 18.
b3 g5 19. Nd2 Ne5 20. g3 Qa5 21. f4 Rxb5 22. fxe5 Bxe5 23. Nc4 Bd4+ 24. Kg2 Qb4 25. Qh5 Bf6 26. Nxd6 exd6 27. Rxf6 Rb7 28. Rxh6 Qxe4+ 29. Kh3 Qf5+ 30. Kg2 Qe5 31. Qf3 Qb2+ 32. Kh3 Rb4 33. Ra2 Qxa2 34. Qf6 g4+ 35. Kh4 Qxh2+ 36. Kg5 Qd2+ 37.
Kh5 Qxd5+ 38. Kh4 Qh1+ 39. Kg5 Qd5+ 40. Kh4 Qh1+ 41. Kg5 Qd5+ 42. Kh4 1/2-1/2

[Event "Late-Titled-Tuesday-Blitz-August-29-2023"]
[Site "Chess.com"]
[Date "2023.08.29"]
[Round "4"]
[White "Goffredo_Fofi"]
[Black "CheckBits"]
[Result "1-0"]
[WhiteElo "2533"]
[BlackElo "2390"]
[TimeControl "180+1"]
[EndTime "14:38:46 PDT"]
[Termination "Goffredo_Fofi won on time"]

1. d4 d5 2. Nf3 Nf6 3. Bf4 c5 4. e3 Nc6 5. Nbd2 Bg4 6. c3 e6 7. Qb3 Qb6 8. Qxb6 axb6 9. Bb5 Nd7 10. h3 Bh5 11. O-O Be7 12. Rfe1 Bg6 13. a3 O-O 14.
g4 Ra5 15. Bf1 Rfa8 16. h4 h5 17. g5 c4 18. e4 b5 19. Rac1 Nb6 20. Bg2 Na4 21.
Rc2 Kf8 22. Nh2 Rd8 23. Nhf1 Bd6 24. Bxd6+ Rxd6 25. Ng3 e5 26. dxe5 Nxe5 27. Rf1 d4 28. cxd4 Rxd4 29. f4 Ng4 30. Re1 Nxb2 31. Nf3 Nd3 32.
Nxd4 Nxe1 33. Rc3 Nxg2 34. Kxg2 f6 35. f5 Be8 36. g6 Ne5 37. Nxh5 Bc6 38. Ng3 b4 39. axb4 Ra2+ 40. Kf1 Rb2 41. Nc2 Ba4 42. Ne3 Rxb4 43. h5 b5 44. Nd5 Rb2 45. h6 gxh6 46.
Nh5 b4 47. g7+ Kf7 48. Ndxf6 1-0

[Event "Late-Titled-Tuesday-Blitz-August-29-2023"]
[Site "Chess.com"]
[Date "2023.08.29"]
[Round "4"]
[White "Nick12772"]
[Black "ChEsper99"]
[Result "0-1"]
[WhiteElo "2357"]
[BlackElo "2157"]
[TimeControl "180+1"]
[EndTime "14:38:46 PDT"]
[Termination "ChEsper99 won on time"]

1. Nf3 d5 2. g3 Nf6 3. Bg2 c6 4. O-O g6 5. d3 Bg7 6. Nbd2 O-O 7.
Qe1 Re8 8. e4 e5 9. exd5 cxd5 10.
Nb3 Nc6 11. Bg5 h6 12. Bd2 Qd6 13. Bc3 Bd7 14. a3 Rac8 15. Bb4 Nxb4 16. axb4 a6 17. Nc5 Bc6 18. c3 Nd7 19. Nxd7 Qxd7 20. Qd2 Rcd8 21.
Rfe1 f5 22. Re2 e4 23. dxe4 dxe4 24. Qxd7 Rxd7 25. Nh4 Kh7 26. Bf1 Red8 27. Ng2 Rd2 28. Rae1 Rxe2 29. Rxe2 g5 30. Re1 Rd2 31. Ne3 Kg6 32.
Nc4 Rd8 33. Be2 Bb5 34. Ne3 Rd2 35. Bxb5 axb5 36. Rb1 f4 37. Nf1 Rc2 38. h3 Kf5 39. g4+ Ke5 40. Kg2 Kd5 41. Rd1+ Kc4 42. Rd2 Kb3 43.
Rd7 Bf6 44. Kg1 Kxb2 45. Rxb7 Bxc3 46. Rxb5 Bd4 47. Re5 Bxf2+ 0-1

[Event "Late-Titled-Tuesday-Blitz-August-29-2023"]
[Site "Chess.com"]
[Date "2023.08.29"]
[Round "4"]
[White "rasmussvane"]
[Black "Djager97"]
[Result "1-0"]
[WhiteElo "2972"]
[BlackElo "2594"]
[TimeControl "180+1"]
[EndTime "14:38:49 PDT"]
[Termination "rasmussvane won by resignation"]

1. Nf3 d5 2. g3 Nd7 3. d4 Nb6 4. b3 Bf5 5. Nh4 Bg4 6. Ba3 Nf6 7. h3 Bh5 8. Bg2 g5 9. Nf3 Bxf3 10. Bxf3 e6 11. Bb2 Bd6 12. Nd2 Qe7 13. e4 Ba3 14.
Bxa3 Qxa3 15. O-O O-O-O 16. e5 Ng8 17. c4 Ne7 18. c5 Nd7 19. Re1 c6 20. Nf1 Rdg8 21.
Bh5 Rg7 22. Ne3 Qa5 23. a3 Qc7 24. b4 f5 25. exf6 Nxf6 26. Bg4 Kb8 27. Bxe6 Ne4 28.
Ra2 Rf8 29. Rc2 h5 30. b5 h4 31. g4 Rf6 32. Bf5 Rgf7 33. bxc6 Nxf5 34. Nxf5 Qxc6 35.
Rxe4 dxe4 36. d5 Qa4 37. c6 e3 38. fxe3 Qe4 39. d6 Rxf5 40. gxf5 Qxe3+ 41. Rf2 Qg3+ 42.
Rg2 Qe3+ 43. Kh2 Qe5+ 44. Kh1 Rxf5 45. c7+ Kc8 46. d7+ 1-0

[Event "Late-Titled-Tuesday-Blitz-August-29-2023"]
[Site "Chess.com"]
[Date "2023.08.29"]
[Round "4"]
[White "Zq1"]
[Black "cassoulet"]
[Result "0-1"]
[WhiteElo "2531"]
[BlackElo "2732"]
[TimeControl "180+1"]
[EndTime "14:38:49 PDT"]
[Termination "cassoulet won on time"]

1. d4 Nf6 2. c4 g6 3. Nc3 d5 4. Nf3 Bg7 5. cxd5 Nxd5 6. Bd2 O-O 7. Rc1 Nc6 8. e3 e5 9. Nxd5 Qxd5 10. Bc4 Qd6 11.
d5 Ne7 12. Qb3 c5 13. dxc6 Nxc6 14. Bc3 Bg4 15. Ng5 Qe7 16. h4 h6 17. Ne4 Nd4 18. Qa3 Qxa3 19. bxa3 Rfc8 20. Nd6 Rxc4 21. Nxc4 Ne2 22.
Rc2 Rc8 23. Rxe2 Bxe2 24. Kxe2 Rxc4 25. Kd2 Ra4 26. Rb1 b6 27. Rb3 Rxh4 28. Rb5 Ra4 29.
Rb3 h5 30. Ke2 h4 31. Bb2 Rg4 32. Kf1 Rc4 33. Rb5 e4 34. Bxg7 Kxg7 35. Re5 Kf6 36.
Re8 Kf5 37. Re7 f6 38. Rxa7 Rc1+ 39. Ke2 Rc2+ 40. Kf1 Rxa2 41. Ra6 Ra1+ 42. Ke2 Ra2+ 43. Kf1 Kg5 44. Rxb6 Rxa3 45. Rb5+ f5 46. Kg1 Ra1+ 47.
Kh2 Ra2 48. Kg1 Kg4 49. Rb6 g5 50. Rb1 h3 51. Rc1 hxg2 52. Kxg2 f4 53. Rc3 f3+ 54. Kg1 Ra1+ 55. Kh2 Rf1 56. Rc2 Re1 0-1

[Event "Late-Titled-Tuesday-Blitz-August-29-2023"]
[Site "Chess.com"]
[Date "2023.08.29"]
[Round "4"]
[White "Sjakkerntobi"]
[Black "oskariot"]
[Result "0-1"]
[WhiteElo "2450"]
[BlackElo "2651"]
[TimeControl "180+1"]
[EndTime "14:38:49 PDT"]
[Termination "oskariot won by resignation"]

1. e4 c5 2. Nf3 d6 3. d4 cxd4 4. Nxd4 Nf6 5. Nc3 Nc6 6. Bg5 Bd7 7. Qd2 Rc8 8. O-O-O Nxd4 9. Qxd4 Qa5 10. h4 e5 11.
Qd2 Rxc3 12. Qxc3 Qxc3 13. bxc3 Nxe4 14. Be3 Be7 15. Bc4 Nxc3 16. Rd3 Na4 17. Bxa7 Bc6 18. f3 O-O 19. Bf2 Ra8 20. Rhd1 b5 21. Bb3 Kf8 22.
Be1 Nc5 23. R3d2 Nxb3+ 24. axb3 d5 25. Kb1 d4 26. Re2 Bf6 27. c3 Bd7 28. cxd4 Bf5+ 29. Kb2 exd4 30. Bb4+ Kg8 31. Ree1 Bxh4 32. Re5 Bg6 33. Bc5 Bf6 34. Rd5 d3+ 35. Kc1 Bc3 36. R1xd3 Bxd3 37. Rxd3 b4 38. Re3 h5 39. Re4 Ra1+ 40.
Kc2 Ra2+ 41. Kd3 Rxg2 42. Bxb4 Bxb4 43. Rxb4 g5 44. Re4 h4 45. Re2 h3 46. Re1 f5 47.
b4 g4 48. fxg4 fxg4 49. Ke3 h2 50. Rh1 g3 51. Kf3 Rg1 0-1

[Event "Late-Titled-Tuesday-Blitz-August-29-2023"]
[Site "Chess.com"]
[Date "2023.08.29"]
[Round "4"]
[White "Kostukov_Alex"]
[Black "slidingknight2775"]
[Result "1-0"]
[WhiteElo "2415"]
[BlackElo "2537"]
[TimeControl "180+1"]
[EndTime "14:38:50 PDT"]
[Termination "Kostukov_Alex won on time"]

1. g3 d5 2. Bg2 Nf6 3. d3 c5 4. e4 Nc6 5. exd5 Nxd5 6. Ne2 e5 7.
Nbc3 Be6 8. O-O Be7 9. f4 exf4 10. Bxd5 Bxd5 11. Nxf4 Be6 12. Nxe6 fxe6 13. Be3 Nd4 14.
Qg4 Bf6 15. Ne4 O-O 16. Nxf6+ Rxf6 17. Bg5 Rxf1+ 18. Rxf1 Qd5 19. Bf6 g6 20. c4 Qd7 21.
Bxd4 cxd4 22. Rf6 Re8 23. h4 Kg7 24. Rf4 Rd8 25. h5 e5 26. Re4 Qxg4 27. Rxg4 Kf6 28. hxg6 hxg6 29. Re4 Kf5 30. Kg2 a6 31. Re2 b5 32. c5 b4 33. Kf3 Rc8 34. Rc2 e4+ 35. dxe4+ Ke5 36. c6 d3 37. Rd2 Rxc6 38. Rxd3 Rc2 39.
Rd5+ Ke6 40. Ra5 Rxb2 41. Rxa6+ Ke5 42. Ra5+ Ke6 43. Kf4 Rf2+ 44. Kg5 Rg2 45. g4 Rg3 46.
Rb5 Rg2 47. Rxb4 Ke5 48. a4 Kd6 49. a5 Ra2 50. Rb6+ Ke5 51. a6 Kxe4 52. Rxg6 Ra4 53. Kh6 Kf4 54. g5 Ra5 55. Rf6+ Ke5 56. Kg6 Ra1 57. Kf7 Rc1 58. Re6+ Kf5 59. g6 Rg1 60. g7 1-0

[Event "Late-Titled-Tuesday-Blitz-August-29-2023"]
[Site "Chess.com"]
[Date "2023.08.29"]
[Round "4"]
[White "dorpato"]
[Black "Fore_Man"]
[Result "1/2-1/2"]
[WhiteElo "2012"]
[BlackElo "2301"]
[TimeControl "180+1"]
[EndTime "14:38:50 PDT"]
[Termination "Game drawn - insufficient material"]

1. e4 Nc6 2. Nf3 d5 3. exd5 Qxd5 4. Nc3 Qa5 5. d4 Bg4 6. Be2 O-O-O 7. Be3 e5 8. Nxe5 Bxe2 9. Qxe2 Nxe5 10. dxe5 Bb4 11.
Bd2 Ne7 12. O-O Nc6 13. a3 Nd4 14. Qg4+ Kb8 15. axb4 Qxb4 16. Rab1 Nxc2 17. Qxb4 Nxb4 18. Be3 Nc6 19. f4 Rd3 20. Bf2 Rd2 21. Rfd1 Rhd8 22.
Rxd2 Rxd2 23. Rd1 Rxb2 24. f5 Rc2 25. Ne4 Kc8 26. Bg3 Nd8 27. Ng5 h6 28. e6 fxe6 29. Nxe6 Nxe6 30. fxe6 Re2 31. Rd7 Rxe6 32. Rxc7+ Kd8 33.
Rxb7 g5 34. Rxa7 Ke8 35. Rh7 Kf8 36. Rh8+ Kg7 37. Ra8 Rc6 38. h3 Rc1+ 39. Kh2 Rc2 40. Be5+ Kg6 41. Ra6+ Kf5 42. Bg7 h5 43. Ra5+ Kg6 44. Bd4 Rc4 45. Be3 g4 46. Rg5+ Kf6 47. Rxh5 gxh3 48. Rxh3 Rc2 49. Rf3+ Kg6 50. Kh3 Rc3 51.
Rg3+ Kf5 52. Bf2 Rc2 53. Bd4 Rc8 54. Rf3+ Kg5 55. Bf6+ Kg6 56. Bh4 Rc4 57. g4 Ra4 58.
Rf6+ Kg7 59. Bg5 Ra5 60. Kh4 Ra1 61. Rf3 Rh1+ 62. Rh3 Rf1 63. Bd8 Rd1 64. Ba5 Rd5 65. Bc3+ Kg6 66. Rf3 Rc5 67. Rf6+ Kh7 68. Bd4 Rc4 69. Rd6 Rc1 70. Kg5 Rf1 71. Rd7+ Kg8 72. Kg6 Rf8 73. Bc5 Re8 74. Rg7+ Kh8 75. Rh7+ Kg8 76. Rh5 Re6+ 77. Kf5 Rc6 78. Kf4 Kf7 79. Rf5+ Kg6 80. g5 Ra6 81. Rf6+ Rxf6+ 82. gxf6 Kxf6 1/2-1/2

[Event "Late-Titled-Tuesday-Blitz-August-29-2023"]
[Site "Chess.com"]
[Date "2023.08.29"]
[Round "4"]
[White "Ajedrecista3000"]
[Black "Real_taiatai"]
[Result "1/2-1/2"]
[WhiteElo "2693"]
[BlackElo "2529"]
[TimeControl "180+1"]
[EndTime "14:38:52 PDT"]
[Termination "Game drawn by repetition"]

1. Nf3 Nf6 2. g3 d5 3. Bg2 Nbd7 4. d4 e6 5. O-O Be7 6. c4 O-O 7. b3 c6 8. Bb2 b6 9. Nbd2 Bb7 10. Qc2 Rc8 11.
Rad1 c5 12. Qb1 dxc4 13. Nxc4 cxd4 14. Bxd4 Be4 15. Qb2 Qc7 16. Ncd2 Bb7 17. Rc1 Qb8 18. Rfd1 Rxc1 19. Rxc1 Rc8 20. Nc4 Qa8 21. Nce5 Rxc1+ 22. Qxc1 Nxe5 23. Bxe5 Nd7 24. Bb2 Qc8 25. Qxc8+ Bxc8 26. Nd4 Bf6 27. Nc6 Bxb2 28. Ne7+ Kf8 29. Nxc8 a5 30. Bc6 Nb8 31. Be4 Bd4 32. Nd6 Bc5 33. Nc4 Nd7 34.
e3 Ke7 35. Kf1 g6 36. Ke2 f5 37. Bg2 Nf6 38. Ne5 Nd7 39. Nc4 Nf6 40. Bf3 Nd7 41.
h4 Nf6 42. Ne5 Nd7 43. Nc4 Nf6 44. Nb2 Nd7 45. Bc6 Ne5 46. Bg2 Kd6 47. Na4 Nd7 48. Nc3 Nf6 49. Kd3 Ng4 50. Ke2 Nf6 51. Bf3 Nd7 52. Nb5+ Ke7 53. Bg2 Nf6 54. Nc7 Bd6 55. Nb5 Bc5 56. Kd3 Ng4 57. Ke2 Nf6 1/2-1/2

[Event "Late-Titled-Tuesday-Blitz-August-29-2023"]
[Site "Chess.com"]
[Date "2023.08.29"]
[Round "4"]
[White "frederiksvane"]
[Black "KaydenTroffChess"]
[Result "0-1"]
[WhiteElo "2938"]
[BlackElo "2802"]
[TimeControl "180+1"]
[EndTime "14:38:54 PDT"]
[Termination "KaydenTroffChess won by resignation"]

1. c4 Nf6 2. g3 c6 3. Bg2 d5 4.
Nf3 g6 5. b3 Bg7 6. Bb2 O-O 7.
O-O Bf5 8. Nc3 Na6 9. d4 Ne4 10. Rc1 Qa5 11. a3 Rad8 12. b4 Nxc3 13. Bxc3 Qxa3 14.
cxd5 Rxd5 15. Ne5 Rdd8 16. f4 Be6 17. Qd2 Qa4 18. e4 Qb5 19. Rf2 f6 20. Nd3 Bc4 21. Nc5 Nxc5 22. bxc5 e5 23. fxe5 fxe5 24. Rxf8+ Bxf8 25. Qg5 exd4 26. Qxd8 dxc3 27. Kh1 Qb2 28. Qd1 Bb3 29.
Qe1 c2 30. Qd2 a5 31. e5 Qxe5 32. Qd3 a4 33. Be4 Bh6 34. Qd8+ Bf8 35. Qd3 Qxc5 36. Qe2 Qc4 37. Qxc4+ Bxc4 38. Rxc2 Bb3 39. Re2 a3 40. Bb1 c5 41. Kg2 c4 42. Kf3 Bg7 43. Ke4 Bb2 44.
Rf2 c3 45. Kd3 a2 46. Bxa2 Bxa2 47. Re2 Bb1+ 48. Ke3 c2 49. Rxc2 Bxc2 50. Kd2 Bf5 51. Ke3 Be6 52. Kf2 Bf6 53. Kf3 h5 54. Kf4 Kg7 0-1

[Event "Late-Titled-Tuesday-Blitz-August-29-2023"]
[Site "Chess.com"]
[Date "2023.08.29"]
[Round "4"]
[White "jcmesafischer"]
[Black "lefonghua"]
[Result "0-1"]
[WhiteElo "2451"]
[BlackElo "2646"]
[TimeControl "180+1"]
[EndTime "14:38:54 PDT"]
[Termination "lefonghua won by resignation"]

1. Nf3 Nf6 2. g3 g6 3. Bg2 Bg7 4. d4 O-O 5. O-O d6 6. c4 Nc6 7. d5 Na5 8. Qa4 c5 9. Bd2 b6 10. Bxa5 bxa5 11. Nc3 Rb8 12. Qc2 Bf5 13. e4 Bg4 14.
Rfe1 Bxf3 15. Bxf3 Nd7 16. Be2 a6 17. Kg2 Bd4 18. f4 e5 19. f5 Kg7 20. Rf1 Qb6 21.
Rab1 g5 22. b3 Qb4 23. Na4 Nf6 24. Kh1 Rg8 25. Rf3 Kf8 26. Rd3 Ke7 27. Rf1 h5 28. h3 Rh8 29. Kg2 Qa3 30. Qd2 Nxe4 31. Qxa5 Qxa2 32.
Qc7+ Kf6 33. Re1 Rxb3 34. Rxb3 Qxb3 35. Bf3 Qxa4 36. Rxe4 Qc2+ 37. Re2 Qxf5 38. Qxd6+ Kg7 39. Be4 Qf6 40. Qxf6+ Kxf6 41. Ra2 Ra8 42. d6 Ra7 43. d7 Ke7 44. Bc6 Rc7 45. Rxa6 Rxd7 46. Bxd7 Kxd7 47. Rf6 Ke7 48. Rf5 f6 49. Kf3 Ke6 50.
g4 hxg4+ 51. hxg4 Bc3 52. Ke4 Bd2 53. Rf1 Bc3 54. Rb1 Bd4 55. Ra1 Bxa1 56. Kf3 f5 0-1

[Event "Late-Titled-Tuesday-Blitz-August-29-2023"]
[Site "Chess.com"]
[Date "2023.08.29"]
[Round "4"]
[White "TC2304"]
[Black "ozates"]
[Result "0-1"]
[WhiteElo "2396"]
[BlackElo "2562"]
[TimeControl "180+1"]
[EndTime "14:38:54 PDT"]
[Termination "ozates won by checkmate"]

1. c4 c6 2. Nf3 d5 3. b3 Bg4 4.
Ne5 Bf5 5. d4 Nd7 6. Nxd7 Qxd7 7. Nc3 e5 8. cxd5 cxd5 9. e4 Bb4 10. Bd2 Bxc3 11. Bxc3 Bxe4 12. dxe5 Rc8 13. Rc1 Ne7 14. f3 Bg6 15. h4 h5 16. Bd3 d4 17. Bxg6 Nxg6 18.
Bb4 Rxc1 19. Qxc1 Nxe5 20. O-O f6 21. Re1 Kf7 22. f4 Nc6 23. Qc4+ Kg6 24. Bc5 Re8 25.
f5+ Kh7 26. Re6 d3 27. Rxe8 Qxe8 28. Qxd3 Qe1+ 29. Qf1 Qxh4 30. Qe2 b6 31. Bf2 Qg5 32. Qe4 Ne5 33. Kh2 Ng4+ 34. Kg1 Qc1+ 35. Be1 Qc5+ 36. Kf1 Ne3+ 37. Ke2 Nxf5 38. Bd2 g6 39. Qb7+ Qe7+ 40. Qxe7+ Nxe7 41. Kd3 g5 42. Kc4 Kg6 43.
Kb5 f5 44. Ka6 Nd5 45. Kxa7 h4 46. Kb7 g4 47. Kc6 h3 48. gxh3 gxh3 49. Bf4 Nxf4 50.
Kxb6 h2 51. a4 h1=Q 52. a5 Ne6 53. b4 f4 54. b5 f3 55. a6 f2 56. Ka7 f1=Q 57. b6 Nc5 58. b7 Qxa6+ 59. Kb8 Qhxb7# 0-1

[Event "Late-Titled-Tuesday-Blitz-August-29-2023"]
[Site "Chess.com"]
[Date "2023.08.29"]
[Round "4"]
[White "MaxLeto"]
[Black "NotFischer"]
[Result "0-1"]
[WhiteElo "2427"]
[BlackElo "2260"]
[TimeControl "180+1"]
[EndTime "14:38:54 PDT"]
[Termination "NotFischer won on time"]

1. g4 d5 2. Bg2 e6 3. d4 Bd6 4. Nf3 Nd7 5. Bg5 Ngf6 6. Bh4 h6 7.
g5 hxg5 8. Bxg5 c5 9. c3 Qb6 10. Qb3 Ne4 11. Be3 c4 12. Qc2 Ndf6 13. Nbd2 Bd7 14.
Nxe4 Nxe4 15. h4 a5 16. Ng5 Nxg5 17. hxg5 Rxh1+ 18. Bxh1 g6 19. Bd2 Bc6 20. O-O-O a4 21. a3 Ra5 22. e4 dxe4 23. Bxe4 Bxe4 24. Qxe4 Qb3 25. Rh1 Rb5 26. Qc2 Qa2 27. Qb1 Qxb1+ 28. Kxb1 Bxa3 29. Bc1 Bd6 30. Ka2 Rb3 31. Rh8+ Kd7 32.
Ra8 a3 33. Ra7 Kc7 34. Ra5 Kb6 35. Ra4 Kb5 36. Ra8 axb2 37. Bxb2 Bf4 38. Rf8 Bd2 39.
Rxf7 Kc6 40. Rf6 Bxg5 41. Rxe6+ Kc7 42. Rxg6 Bd2 43. Rg7+ Kc6 44. Rg6+ Kc7 45. Rg3 b5 46. Rf3 b4 47. Rd3 bxc3 48. Bxc3 Bxc3 49. Rxc3 Rxc3 50.
d5 Rd3 51. d6+ Rxd6 0-1

[Event "Late-Titled-Tuesday-Blitz-August-29-2023"]
[Site "Chess.com"]
[Date "2023.08.29"]
[Round "4"]
[White "YQPerez"]
[Black "Ramosha"]
[Result "1-0"]
[WhiteElo "2900"]
[BlackElo "2618"]
[TimeControl "180+1"]
[EndTime "14:38:55 PDT"]
[Termination "YQPerez won by resignation"]

1. e4 c6 2. d4 d5 3. exd5 cxd5 4. Bd3 Nc6 5. c3 Nf6 6. Bf4 Bg4 7. Qb3 Qc8 8. Nd2 g6 9. Ngf3 Bg7 10. O-O O-O 11. Rae1 a6 12. h3 Bf5 13. Bxf5 gxf5 14.
Ne5 e6 15. Nd3 Ne4 16. Qd1 b5 17. Qh5 Kh8 18. Nf3 Nf6 19. Qh4 Ne7 20. Nde5 Kg8 21. Ng5 Qd8 22. Re3 h6 23. Ngf3 Kh7 24. g4 fxg4 25.
hxg4 Ng6 26. Nxg6 fxg6 27. Ng5+ Kg8 28. Nxe6 Qd7 29. Nxg7 Qxg7 30. Bxh6 Qh7 31. f3 Rf7 32. Rfe1 Kh8 33. Bg5 Qxh4 34. Bxh4 Ng8 35. Kg2 Kg7 36. Re8 Raa7 37. Bg5 Rfd7 38. Rb8 Rab7 39.
Rxb7 Rxb7 40. Re6 b4 41. Rxa6 bxc3 42. bxc3 Rb2+ 43. Kg3 Rc2 44. Ra7+ Kf8 45. a4 Rxc3 46. a5 Ra3 47. a6 Ra4 48. Ra8+ Kf7 49. a7 Ra2 50.
Kf4 Ra6 51. Ke5 Kg7 52. Kxd5 Kf7 53. Kc4 Ra1 54. d5 Nf6 55. Bxf6 Kxf6 56. Rf8+ 1-0

[Event "Late-Titled-Tuesday-Blitz-August-29-2023"]
[Site "Chess.com"]
[Date "2023.08.29"]
[Round "4"]
[White "mistrzemi"]
[Black "Joshukid"]
[Result "1-0"]
[WhiteElo "2364"]
[BlackElo "2532"]
[TimeControl "180+1"]
[EndTime "14:38:55 PDT"]
[Termination "mistrzemi won on time"]

1. e4 c5 2. Nc3 e6 3. Nge2 a6 4. g3 b5 5. Bg2 Bb7 6. O-O b4 7.
Na4 Nf6 8. d3 d6 9. b3 Nbd7 10.
Bb2 g6 11. f4 Bg7 12. c3 bxc3 13. Naxc3 O-O 14. Qd2 Rb8 15. Rad1 d5 16. e5 Ng4 17. h3 Nh6 18. g4 Kh8 19. Ng3 Ng8 20. Na4 Bc6 21.
Ba3 Bxa4 22. bxa4 f6 23. d4 fxe5 24. dxe5 Ne7 25. h4 Nc6 26. h5 Qa5 27. hxg6 Qxd2 28. Rxd2 hxg6 29. f5 Bxe5 30. fxe6 Nf6 31. Ne2 Nxg4 32.
Rxf8+ Rxf8 33. Bxc5 Rb8 34. Bxd5 Rb1+ 35. Kg2 Nb4 36.
e7 Nf6 37. Bf7 Kg7 38. e8=Q Nxe8 39. Bxe8 Bf6 40. Bd7 a5 41. Bb5 Bg5 42. Rd7+ Kf6 43. Bd4+ Kf5 44. Ng3+ Ke6 45. Ne4 Nxa2 46. Nxg5+ Kf5 47.
Be3 Nb4 48. Rf7+ Ke5 49. Bf4+ Kd5 50. Rd7+ 1-0

[Event "Late-Titled-Tuesday-Blitz-August-29-2023"]
[Site "Chess.com"]
[Date "2023.08.29"]
[Round "4"]
[White "Mikhail_Bryakin"]
[Black "djano"]
[Result "0-1"]
[WhiteElo "2804"]
[BlackElo "2576"]
[TimeControl "180+1"]
[EndTime "14:38:56 PDT"]
[Termination "djano won by resignation"]

1. c4 e6 2. Nc3 d5 3. e3 Nf6 4. Qc2 c5 5. Nf3 Nc6 6. cxd5 exd5 7. Bb5 Bd6 8. d4 cxd4 9. Nxd4 O-O 10. Nxc6 bxc6 11.
Bxc6 Ba6 12. Bxa8 Qxa8 13. Qa4 Qb7 14. Qd4 Re8 15. Ne2 Qb5 16. Nc3 Qb7 17. Bd2 Be5 18.
Qa4 d4 19. Ne2 dxe3 20. Bxe3 Bxe2 21. Kxe2 Qxb2+ 22. Kf3 Qb7+ 23. Ke2 Bxa1 24. Rd1 Be5 25. h3 a6 26. Kf1 Qb5+ 27. Qxb5 axb5 28. Rb1 Rb8 29.
Bc5 Ne4 30. Bb4 Bc3 31. Ke2 Bxb4 32. Rxb4 Nd6 33. Kd3 Ra8 34. Rb2 Kf8 35. Kd4 Ke7 36.
Kc5 Rc8+ 37. Kd5 Ra8 38. Rd2 f6 39. f3 Nc4 40. Re2+ Kd7 41. Kc5 Nd6 42. Kd5 b4 43. Kc5 Rb8 44. Rd2 Rb5+ 45. Kd4 Ra5 46. Rb2 Rb5 47. Rb1 g5 48. g4 h6 49. Rb2 Kc6 50.
Re2 Kd7 51. Rb2 Rb7 52. Kc5 Rc7+ 53. Kd5 Rc4 54. Re2 Rc3 55. Rb2 Rd3+ 56. Kc5 Rxf3 57. Rxb4 Nc8 58. Kd5 Ne7+ 59. Kc5 Rc3+ 60. Kd4 Rxh3 61.
Rb7+ Ke6 62. a4 Ra3 63. Rb6+ Kf7 64. Ra6 Rg3 65. a5 Rxg4+ 66. Kc5 Ra4 67. Ra8 g4 68. Kb5 Ra1 69. Rd8 g3 70. Rd2 h5 71. a6 h4 72. Rg2 f5 73. Kb6 f4 74. Rb2 f3 75. a7 f2 76. Rb3 f1=Q 0-1

[Event "Late-Titled-Tuesday-Blitz-August-29-2023"]
[Site "Chess.com"]
[Date "2023.08.29"]
[Round "4"]
[White "Vladimir_Zakhartsov"]
[Black "GMG"]
[Result "0-1"]
[WhiteElo "2909"]
[BlackElo "2771"]
[TimeControl "180+1"]
[EndTime "14:38:58 PDT"]
[Termination "GMG won on time"]

1. d4 f5 2. Bg5 c6 3. e3 Qb6 4. Qc1 h6 5. Bh4 g5 6. Bg3 Nf6 7. Bd3 d6 8. Nd2 Nh5 9. c3 e6 10. Ne2 Nd7 11. h4 Nxg3 12. Nxg3 g4 13. Qc2 Nf6 14.
Ne2 d5 15. g3 Bd6 16. c4 Qd8 17. cxd5 cxd5 18. O-O Bd7 19. Rac1 Kf7 20. Qb3 Qb6 21.
Bb1 Qxb3 22. Nxb3 b6 23. Bd3 a6 24. Rc2 Rhc8 25. Rfc1 Rxc2 26. Rxc2 Ne4 27. Nf4 a5 28. Nd2 a4 29. a3 b5 30. Nxe4 dxe4 31. Bf1 Rb8 32.
Ne2 b4 33. axb4 Bxb4 34. Nc1 Bd6 35. Be2 Ke7 36. Kf1 e5 37. d5 a3 38. bxa3 Rb1 39. Kg2 f4 40. exf4 exf4 41. gxf4 Bxf4 42. Na2 e3 43. Rc4 Rb2 44. Nc3 Be5 45. Kf1 exf2 46. Nd1 g3 47. Bg4 Bxg4 48. Rxg4 Rb1 0-1

[Event "Late-Titled-Tuesday-Blitz-August-29-2023"]
[Site "Chess.com"]
[Date "2023.08.29"]
[Round "4"]
[White "cottage_cheese"]
[Black "RCone"]
[Result "1-0"]
[WhiteElo "2299"]
[BlackElo "2438"]
[TimeControl "180+1"]
[EndTime "14:38:59 PDT"]
[Termination "cottage_cheese won on time"]

1. e4 d6 2. d4 Nf6 3. Nc3 g6 4. Nf3 Bg7 5. Be2 O-O 6. O-O Nc6 7. Re1 e5 8. d5 Ne7 9. Na4 Bd7 10. Nc3 h6 11.
Bb5 Bc8 12. Na4 a6 13. Bf1 b5 14. Nc3 Nh7 15. a4 b4 16. Nb1 f5 17. exf5 gxf5 18. c3 a5 19. cxb4 axb4 20. Qb3 Nf6 21. Bc4 Kh8 22.
Qxb4 Nexd5 23. Qb3 Nb6 24. Bb5 Bb7 25. Nh4 Bd5 26.
Qh3 Kg8 27. Nxf5 h5 28. Qg3 Ng4 29. Nxg7 Kxg7 30. h3 c6 31. Bd3 Rxf2 32. Be4 Bxe4 33. Rxe4 Qf6 34. Rxg4+ hxg4 35. Qxf2 Qxf2+ 36. Kxf2 gxh3 37.
gxh3 Nxa4 38. Kg3 Kf6 39. Kh2 d5 40. b3 Nb6 41. Rxa8 Nxa8 42. h4 Nc7 43. Nc3 Ne6 44. Kg3 Nd4 45. b4 Nc2 46. Bg5+ Kf5 47. b5 cxb5 48.
Nxd5 b4 49. Bc1 1-0

[Event "Late-Titled-Tuesday-Blitz-August-29-2023"]
[Site "Chess.com"]
[Date "2023.08.29"]
[Round "4"]
[White "sergoy"]
[Black "Bauman_Guy"]
[Result "1-0"]
[WhiteElo "2969"]
[BlackElo "2845"]
[TimeControl "180+1"]
[EndTime "14:39:01 PDT"]
[Termination "sergoy won on time"]

1. d4 Nf6 2. c4 b6 3. f3 Bb7 4. e4 e6 5. Nc3 Bb4 6. e5 Ng8 7. Bf4 Ne7 8. Bd3 Nbc6 9. Ne2 d6 10. exd6 Bxd6 11. Be3 Nf5 12. Bf2 Qg5 13. g4 Nh4 14. Be4 f5 15. gxf5 exf5 16. Bd5 O-O-O 17. Qa4 Nb4 18. Bxb7+ Kxb7 19. Bxh4 Qxh4+ 20. Kd1 Bc5 21. a3 Nd3 22. Kc2 Bxd4 23. Kxd3 Bxc3+ 24. Kxc3 Rhe8 25.
Ng3 Re3+ 26. Kc2 f4 27. Ne4 Qh3 28. Rhd1 Re2+ 29. Kb1 Rxd1+ 30. Qxd1 Qxf3 31. Qd5+ Kb8 32. Qg8+ Kb7 33. Qd5+ Kb8 34. Nc3 Qxd5 35. cxd5 Rxh2 36. Ka2 g5 37. Re1 f3 38. Re8+ Kb7 39. Re7 Kc8 40.
Rf7 g4 41. Ne4 Re2 42. Nc3 Re5 43. Kb3 h5 44. Kc4 h4 45. Nb5 h3 46. Rxc7+ Kd8 47. Rf7 h2 48. d6 Rxb5 49. Rf8+ 1-0